[Event "Late-Titled-Tuesday-Blitz-August-29-2023"]
[Site "Chess.com"]
[Date "2023.08.29"]
[Round "3"]
[White "Leo_C"]
[Black "diamonds13"]
[Result "1-0"]
[WhiteElo "2570"]
[BlackElo "2355"]
[TimeControl "180+1"]
[EndTime "14:30:40 PDT"]
[Termination "Leo_C won on time"]

1. d4 f5 2. g3 Nf6 3. Bg2 e6 4.
Nf3 d6 5. O-O Nbd7 6. b3 g6 7.
Bb2 Bg7 8. Nbd2 d5 9. c4 c6 10. Qc2 O-O 11. b4 Ne4 12. b5 Ndf6 13. Nxe4 fxe4 14.
Ne5 Bd7 15. bxc6 bxc6 16. Qa4 c5 17. Nxd7 Nxd7 18. Bh3 Nb6 19. Qc2 Nxc4 20. Bxe6+ Kh8 21. e3 Nxb2 22. Qxb2 cxd4 23. exd4 Rb8 24. Qa3 Bxd4 25. Rad1 Qf6 26. Bxd5 Rb2 27. Rxd4 Rxf2 28. Qxf8+ Qxf8 29. Rxf2 Qc5 30. Rd1 e3 31. Re2 Kg7 32. Bf3 Qf5 33.
Rf1 Qd3 34. Kg2 a5 35. Rfe1 a4 36. Rxe3 Qd2+ 37. R1e2 Qd6 38. Re4 a3 39. R4e3 h5 40. Rb3 Qc5 41. Rd3 Qb4 42. Rde3 Qc5 43. h4 Kh6 44.
Re6 Qc4 45. Kh2 Qb5 46. Rd2 Qf1 47. Bg2 Qb1 48. Be4 Qb4 49. Rxg6+ Kh7 50. Re6+ Kg7 51.
Red6 Qxe4 52. R6d3 Kf6 53. Rxa3 Qe1 54. Rad3 Ke5 55. Rd5+ Ke4 56. R5d4+ Ke5 57. R4d3 Qa1 58. a3 Ke4 59. Rd4+ Ke3 60. a4 Qb1 61. R4d3+ Ke4 62. a5 Qa1 63. Rd5 Ke3 64. R2d3+ Ke4 65. Rd2 Ke3 66. Kg2 Ke4 67. R5d4+ Ke3 68. R4d3+ Ke4 69. Rf3 Qxa5 70. Re2+ Kd4 71. Rf4+ Kd3 72. Ref2 Qd5+ 73.
Kh2 Ke3 74. Rf5 Qd1 75. R2f4 Qd2+ 76. Kh3 Qd8 77. Re5+ Kd3 78. Rxh5 Qd7+ 79. Rhf5 Ke3 80. h5 Qh7 81. Kh4 Ke2 82. Rf6 Ke3 83. h6 Ke2 84. g4 Ke3 85. g5 Qb1 86. Kh5 Qh1+ 87. Rh4 Qd1+ 88. Kg6 Qd3+ 89. Kg7 Qd7+ 90. Rf7 Qd5 91.
Rg4 Qe5+ 92. Kg6 Qe6+ 93. Rf6 Qg8+ 94. Kh5 Qe8+ 95. Kh4 Qa8 96. Rg3+ Ke2 97. Rg4 Qh1+ 98. Kg3 Qg1+ 99. Kf4 Qd4+ 100. Kf5 Qd3+ 101. Re4+ Kf3 102. Re6 1-0

[Event "Late-Titled-Tuesday-Blitz-August-29-2023"]
[Site "Chess.com"]
[Date "2023.08.29"]
[Round "3"]
[White "DanielNaroditsky"]
[Black "GM_shahin"]
[Result "1/2-1/2"]
[WhiteElo "3100"]
[BlackElo "2716"]
[TimeControl "180+1"]
[EndTime "14:30:48 PDT"]
[Termination "Game drawn - insufficient material"]

1. e4 e5 2. Nf3 Nc6 3. Nc3 Nf6 4. d4 exd4 5. Nd5 Nb4 6. Nxf6+ Qxf6 7. Bc4 Bc5 8. O-O O-O 9. e5 Qg6 10. a3 Nc6 11. b4 Bb6 12. Bd3 Qh5 13. Bf4 d6 14. exd6 cxd6 15. Bxd6 Rd8 16. Re1 Bg4 17. Bg3 Re8 18. Be4 Rad8 19. Qd3 h6 20. h3 Bc8 21.
Re2 Re6 22. Rae1 Rde8 23. b5 Na5 24. Nxd4 Bxd4 25. Qxd4 Qxb5 26. Bd3 Qb6 27. Rxe6 Bxe6 28. Qxb6 axb6 29. Bc7 Rc8 30. Bxb6 Nc4 31. Bd4 Nxa3 32. c3 Nc4 33. Rb1 Rc7 34. Ra1 f6 35. Bg6 Kf8 36. Be4 Kf7 37. Ra7 Nd6 38. Bf3 Bc8 39. Bd5+ Be6 40. Bf3 Bc8 41. Ra8 Nb5 42. g4 Nxc3 43.
Bb6 Rc4 44. Kg2 Be6 45. Rd8 Rb4 46. Bc5 Rb5 47. Rf8+ Kg6 48. Bd4 Rb3 49. Rd8 Nb5 50. Be3 f5 51. Kg3 fxg4 52. hxg4 Kf7 53. Bxb7 Nc3 54.
Bf3 Rb4 55. g5 Ne4+ 56. Bxe4 Rxe4 57. gxh6 gxh6 58. Bxh6 Rg4+ 59. Kf3 Rg6 60. Bf4 Rf6 61.
Ke3 Rf5 62. Rb8 Rd5 63. f3 Rd7 64. Be5 Bf5 65. Kf4 Be6 66. Rh8 Kg6 67. Rh2 Rf7+ 68. Ke3 Kf5 69. Bf4 Re7 70. Rh5+ Kg6 71. Rh6+ Kf7 72. Bg5 Re8 73. Kf4 Bc4 74. Rc6 Bd5 75. Rd6 Be6 76. Kg3 Rc8 77. Rb6 Rc4 78. f4 Rc3+ 79.
Kf2 Rd3 80. f5 Bd5 81. Rd6 Rf3+ 82. Ke2 Rxf5 83. Bh4 Bc4+ 84. Ke3 Be6 85. Ke4 Rd5 86. Rb6 Rh5 87. Bg3 Rd5 88. Be5 Rd7 89. Kf4 Ra7 90. Rb4 Rd7 91. Ra4 Rb7 92. Kg5 Rd7 93. Rf4+ Ke8 94.
Rh4 Rf7 95. Bf6 Kd7 96. Re4 Bd5 97. Re3 Kc6 98. Kg6 Rd7 99. Kf5 Rf7 100. Rc3+ Kb5 101. Ke5 Bc4 102. Rc1 Rd7 103. Ke4 Bd3+ 104. Ke3 Bc4 105. Bd4 Re7+ 106. Kf4 Re2 107. Rb1+ Kc6 108. Kf3 Kd5 109. Be3 Rc2 110. Rd1+ Ke6 111. Rd4 Bd5+ 112. Kf4 Rc4 113. Rxc4 Bxc4 1/2-1/2

[Event "Late-Titled-Tuesday-Blitz-August-29-2023"]
[Site "Chess.com"]
[Date "2023.08.29"]
[Round "3"]
[White "Good_Knight_Kiss"]
[Black "ErikRonka"]
[Result "1-0"]
[WhiteElo "2359"]
[BlackElo "2482"]
[TimeControl "180+1"]
[EndTime "14:30:49 PDT"]
[Termination "Good_Knight_Kiss won by checkmate"]

1. e4 c5 2. Nf3 e6 3. d4 cxd4 4. Nxd4 Nf6 5. Nc3 Nc6 6. Ndb5 Bb4 7. a3 Bxc3+ 8. Nxc3 d5 9. Bd3 dxe4 10. Nxe4 Nxe4 11.
Bxe4 Qxd1+ 12. Kxd1 Bd7 13. Be3 e5 14. Kc1 f5 15.
Bd5 O-O-O 16. b4 f4 17. Bc5 Kc7 18. f3 b6 19. Bf2 Ne7 20. Be4 Bc6 21. Re1 Ng6 22.
Bxc6 Kxc6 23. Re2 Rd7 24. Kb2 Rhd8 25. Rae1 a5 26. Kc3 axb4+ 27. axb4 Kb5 28. Kb3 Kc6 29. Ra1 Rd2 30. Rae1 Rxe2 31. Rxe2 b5 32. Kc3 Rc8 33. Re1 Kd5+ 34. Kd3 Rc4 35. c3 Ne7 36. Ra1 Nc6 37.
Ra8 Ke6 38. Rg8 Kf7 39. Rh8 h6 40. Ra8 e4+ 41. fxe4 Ne5+ 42. Kc2 g5 43. Bd4 Ng4 44. Ra7+ Ke6 45. Ra6+ Kf7 46. h3 Ne3+ 47. Bxe3 fxe3 48.
Kd3 h5 49. Rd6 g4 50. hxg4 hxg4 51. Rd5 e2 52. Kxe2 Rxc3 53. Rxb5 Ke6 54. Kf2 g3+ 55. Ke2 Rc2+ 56. Kf3 Rc4 57. Kxg3 Rxe4 58. Kf3 Rc4 59. g4 Kf6 60. Kg3 Kg6 61. Kh4 Rd4 62. Rb6+ Kg7 63.
b5 Rb4 64. Kh5 Kh7 65. Rb7+ Kh8 66. b6 Rb1 67. g5 Kg8 68. Kg6 Kf8 69. Rb8+ Ke7 70.
Rb7+ Kf8 71. Kh6 Kg8 72. Rb8+ Kf7 73. g6+ Kf6 74. Rf8+ Ke7 75. Rf2 Rxb6 76. Kh7 Rb1 77. g7 Rh1+ 78. Kg8 Rg1 79. Rf4 Rh1 80. Rf5 Ke6 81. Rf4 Ke5 82. Rf8 Ke6 83. Rf2 Ke7 84.
Re2+ Kf6 85. Rb2 Ke7 86. Rb7+ Kf6 87. Rb6+ Ke7 88. Rb3 Rh2 89. Re3+ Kf6 90. Rf3+ Ke7 91. Rf1 Rh3 92. Rg1 Rb3 93. Re1+ Kf6 94. Kh8 Rh3+ 95.
Kg8 Rb3 96. Rf1+ Ke7 97. Kh7 Rh3+ 98. Kg8 Rc3 99. Re1+ Kf6 100. Rf1+ Ke7 101. Rh1 Kf6 102. Kh8 Rc8+ 103. g8=Q Rc7 104. Qh7 Ke6 105. Qg8+ Kd6 106. Rd1+ Kc6 107. Qg2+ Kb6 108. Qb2+ Ka7 109. Ra1# 1-0

[Event "Late-Titled-Tuesday-Blitz-August-29-2023"]
[Site "Chess.com"]
[Date "2023.08.29"]
[Round "4"]
[White "ilushka"]
[Black "DawidCzerw"]
[Result "1-0"]
[WhiteElo "2373"]
[BlackElo "2473"]
[TimeControl "180+1"]
[EndTime "14:32:39 PDT"]
[Termination "ilushka won by resignation"]

1. e4 c5 2. Nf3 Nc6 3. Bb5 e6 4. O-O Nge7 5. c3 a6 6. Ba4 b5 7.
Bc2 Bb7 8. d4 cxd4 9. cxd4 d5 10. Nc3 dxe4 11. Nxe4 Nf5 12. Nc5 Bxc5 13. dxc5 Qe7 14.
Bxf5 exf5 15. Re1 1-0

[Event "Late-Titled-Tuesday-Blitz-August-29-2023"]
[Site "Chess.com"]
[Date "2023.08.29"]
[Round "4"]
[White "imdarealist"]
[Black "RIPOL"]
[Result "0-1"]
[WhiteElo "2320"]
[BlackElo "2415"]
[TimeControl "180+1"]
[EndTime "14:33:43 PDT"]
[Termination "RIPOL won by resignation"]

1. d4 Nf6 2. Bf4 d5 3. e3 c5 4. c3 Qb6 5. Na3 a6 6. dxc5 Qxc5 7. Nf3 Nc6 8. Bd3 Bg4 9. h3 Bxf3 10. Qxf3 e5 11.
b4 Qxc3+ 12. Ke2 Qxa3 0-1

[Event "Late-Titled-Tuesday-Blitz-August-29-2023"]
[Site "Chess.com"]
[Date "2023.08.29"]
[Round "4"]
[White "SaqoChess_Twitch"]
[Black "matagordo"]
[Result "1-0"]
[WhiteElo "2631"]
[BlackElo "2196"]
[TimeControl "180+1"]
[EndTime "14:34:25 PDT"]
[Termination "SaqoChess_Twitch won by checkmate"]

1. d4 e6 2. c4 Nf6 3. Nc3 Bb4 4. a3 Bxc3+ 5. bxc3 Qe7 6. e3 b6 7. Bd3 Bb7 8. f3 d5 9. cxd5 exd5 10. Ne2 O-O 11.
O-O Nbd7 12. Ra2 Rfe8 13. g4 c5 14. Ng3 g6 15. Rg2 Rac8 16. g5 Nh5 17. Nxh5 gxh5 18. f4 cxd4 19. Qxh5 Nf8 20. f5 Rxc3 21. g6 Rxc1 22.
gxf7+ Kh8 23. Rg8# 1-0

[Event "Late-Titled-Tuesday-Blitz-August-29-2023"]
[Site "Chess.com"]
[Date "2023.08.29"]
[Round "4"]
[White "Langusto"]
[Black "jinxy2009"]
[Result "1-0"]
[WhiteElo "2488"]
[BlackElo "2342"]
[TimeControl "180+1"]
[EndTime "14:34:45 PDT"]
[Termination "Langusto won by resignation"]

1. e4 c6 2. d4 d5 3. exd5 cxd5 4. c4 Nf6 5. Nc3 Nc6 6. Bg5 e6 7. Nf3 Be7 8. c5 O-O 9. Bb5 h6 10. Bf4 Bd7 11. O-O b6 12. Bxc6 Bxc6 13. b4 bxc5 14.
bxc5 Qa5 15. Bd2 Rab8 16. Ne5 Qc7 17. Bf4 Qc8 18. Nxc6 Qxc6 19. Bxb8 Rxb8 20. Rb1 Rxb1 21. Qxb1 g6 22. Qb5 Qxb5 23. Nxb5 a6 24. Na7 Ne8 25.
Nc6 Bf6 26. f4 Nc7 27. a4 Kf8 28. Rb1 Ke8 29. Rb7 Kd7 30. Ne5+ Kc8 31. Rb6 Bxe5 32. fxe5 g5 33. g4 Kd7 34. Kf2 Kc8 35. Ke3 Kd7 36. Kd3 Kc8 37. Kc3 a5 38. Rb5 Nxb5+ 39. axb5 Kc7 40. Kb3 1-0

[Event "Late-Titled-Tuesday-Blitz-August-29-2023"]
[Site "Chess.com"]
[Date "2023.08.29"]
[Round "4"]
[White "BlackBoarder"]
[Black "jefferyx"]
[Result "0-1"]
[WhiteElo "2738"]
[BlackElo "3024"]
[TimeControl "180+1"]
[EndTime "14:34:56 PDT"]
[Termination "jefferyx won by resignation"]

1. e4 e6 2. d4 d5 3. Bd3 dxe4 4. Bxe4 Nf6 5. Bf3 c5 6. Ne2 Nc6 7. Be3 Qc7 8. Nbc3 Be7 9. O-O O-O 10. Bxc6 Qxc6 11. dxc5 Bxc5 12. Bxc5 Qxc5 13. Qd4 Qxd4 14. Nxd4 Bd7 15. Rad1 Rfc8 16. f4 Rc7 17. Rd2 Rac8 18.
Rc1 a6 19. g3 Kf8 20. a3 Ke7 21. Nf3 Be8 22. Ne5 Nd7 23. Nxd7 Bxd7 24. Ne4 Bc6 25. Nd6 Rd8 26. Rcd1 Bf3 27. Re1 Rxd6 0-1

[Event "Late-Titled-Tuesday-Blitz-August-29-2023"]
[Site "Chess.com"]
[Date "2023.08.29"]
[Round "4"]
[White "Biregina"]
[Black "kingofthenil"]
[Result "0-1"]
[WhiteElo "2431"]
[BlackElo "2662"]
[TimeControl "180+1"]
[EndTime "14:34:57 PDT"]
[Termination "kingofthenil won by resignation"]

1. d4 d5 2. Bf4 e6 3. c3 h5 4. Nf3 Be7 5. Nbd2 g5 6. Be3 Nh6 7. h4 g4 8. Ng1 Nf5 9. g3 Nxe3 10.
fxe3 Bd6 11. Kf2 f5 12. Kg2 Nd7 13. e4 fxe4 14. e3 O-O 15. Ne2 Rf3 16. Nf4 Rxe3 17. Nxh5 Nf6 18. Nxf6+ Qxf6 19. Qxg4+ Kf8 20. Rh3 e5 21.
dxe5 Bxe5 22. Qg5 Bxh3+ 23. Kxh3 Qxg5 24. hxg5 Rxg3+ 25. Kh4 Kg7 0-1

[Event "Late-Titled-Tuesday-Blitz-August-29-2023"]
[Site "Chess.com"]
[Date "2023.08.29"]
[Round "4"]
[White "Rinqed222"]
[Black "szachmistrz2500"]
[Result "0-1"]
[WhiteElo "2233"]
[BlackElo "2490"]
[TimeControl "180+1"]
[EndTime "14:35:00 PDT"]
[Termination "szachmistrz2500 won by resignation"]

1. e4 c5 2. Nc3 e6 3. Nf3 Nc6 4.
Bb5 Nge7 5. O-O a6 6. Bd3 d6 7. b3 g6 8. Bb2 Bg7 9. a4 O-O 10. Qb1 Bd7 11. Nd1 e5 12. Ne3 h6 13. Nd5 Nxd5 14.
exd5 Ne7 15. c4 f5 16. Bc2 a5 17. Bc3 g5 18. h3 Ng6 19. Nh2 Nf4 20. d3 Ne2+ 0-1

[Event "Late-Titled-Tuesday-Blitz-August-29-2023"]
[Site "Chess.com"]
[Date "2023.08.29"]
[Round "4"]
[White "Akhayan"]
[Black "Kombinator01"]
[Result "1-0"]
[WhiteElo "2302"]
[BlackElo "2446"]
[TimeControl "180+1"]
[EndTime "14:35:13 PDT"]
[Termination "Akhayan won by resignation"]

1. e4 e5 2. Bc4 Nf6 3. d3 c6 4. Nf3 Be7 5. O-O d6 6. Nc3 a5 7. d4 Qc7 8. Re1 O-O 9. h3 b5 10. Bf1 b4 11. Na4 Ba6 12. dxe5 dxe5 13. Be3 Bxf1 14. Rxf1 Nxe4 15. Qd3 Nd6 16. Nxe5 Bf6 17. Bb6 Qe7 18. Ng4 Ne8 19. Bc5 Qc7 20. Bxf8 Kxf8 21.
Rfe1 Nd7 22. Rad1 Rd8 23. Nxf6 gxf6 24. Qxh7 1-0

[Event "Late-Titled-Tuesday-Blitz-August-29-2023"]
[Site "Chess.com"]
[Date "2023.08.29"]
[Round "4"]
[White "Njal28"]
[Black "jeetjain"]
[Result "1-0"]
[WhiteElo "3017"]
[BlackElo "2610"]
[TimeControl "180+1"]
[EndTime "14:35:14 PDT"]
[Termination "Njal28 won by resignation"]

1. d4 c5 2. d5 e5 3. Nc3 d6 4.
e4 Be7 5. Bb5+ Kf8 6. a4 Bg5 7. Nge2 Bxc1 8. Rxc1 h5 9. O-O Nd7 10. f4 exf4 11. Nxf4 Ne5 12. Ne6+ Bxe6 13. dxe6 f6 14. Nd5 Ne7 15. Qd2 a6 16. Be2 Nxd5 17. exd5 Ke7 18. Kh1 h4 19. h3 Qb6 20. a5 Qb4 21. c3 Qxa5 22. b4 Qc7 23. bxc5 Qxc5 24. c4 Rac8 25. Rb1 Rc7 26. Qf4 Nxc4 27. Bxc4 Qxc4 28. Rbc1 Qxf4 29.
Rxc7+ Kd8 30. Rd7+ 1-0

[Event "Late-Titled-Tuesday-Blitz-August-29-2023"]
[Site "Chess.com"]
[Date "2023.08.29"]
[Round "4"]
[White "Iball95"]
[Black "BozeKat"]
[Result "1-0"]
[WhiteElo "2742"]
[BlackElo "2092"]
[TimeControl "180+1"]
[EndTime "14:35:23 PDT"]
[Termination "Iball95 won by resignation"]

1. e4 c6 2. d4 d5 3. exd5 cxd5 4. c4 Nf6 5. Nc3 g6 6. cxd5 Nxd5 7. Qb3 Nxc3 8. Bc4 e6 9. bxc3 Bg7 10. Ba3 Nc6 11. Nf3 Bd7 12. Be2 Qb6 13. Qc2 Qa5 14. Qb2 Bf8 15. Bxf8 Kxf8 16. O-O Qb6 17. Qd2 Kg7 18.
Qf4 Rhf8 19. Rab1 Qc7 20. Qxc7 1-0

[Event "Late-Titled-Tuesday-Blitz-August-29-2023"]
[Site "Chess.com"]
[Date "2023.08.29"]
[Round "4"]
[White "Roedor"]
[Black "ZuraTqebuchava"]
[Result "1-0"]
[WhiteElo "2437"]
[BlackElo "2158"]
[TimeControl "180+1"]
[EndTime "14:35:36 PDT"]
[Termination "Roedor won by resignation"]

1. d4 d5 2. c4 e6 3. g3 Nf6 4.
Bg2 Bb4+ 5. Nd2 O-O 6. Nf3 c6 7. O-O Nbd7 8. Qc2 Be7 9. e4 dxe4 10.
Nxe4 Nxe4 11. Qxe4 Nf6 12. Qc2 c5 13. Rd1 cxd4 14. Nxd4 Qa5 15. Nb5 a6 16. Bd2 Qb6 17. Be3 Bc5 18. Rd6 Qa5 19. Bxc5 axb5 20. cxb5 Qc7 21. b6 Qb8 22. Rad1 Rxa2 23. Rd8 Ne8 24. Bxf8 Kxf8 25. Qc5+ 1-0

[Event "Late-Titled-Tuesday-Blitz-August-29-2023"]
[Site "Chess.com"]
[Date "2023.08.29"]
[Round "4"]
[White "DenizSeyhanoglu1"]
[Black "YEIKO2017"]
[Result "0-1"]
[WhiteElo "2314"]
[BlackElo "2474"]
[TimeControl "180+1"]
[EndTime "14:35:37 PDT"]
[Termination "YEIKO2017 won by resignation"]

1. e4 c5 2. Nf3 Nf6 3. Nc3 d6 4. d4 cxd4 5. Nxd4 g6 6. g3 Bg7 7. Bg2 O-O 8. O-O Nc6 9. Nde2 Bd7 10. Nd5 Rc8 11. a4 Nxd5 12. exd5 Ne5 13. Ra2 Bg4 14.
h3 Bf3 15. Bxf3 Nxf3+ 16. Kg2 Ne5 17. b3 Nd7 18. c4 Nf6 19. Be3 a6 20. a5 Qd7 21.
Re1 Rfe8 22. Bd4 h5 23. Nf4 Qf5 24. Qf3 e5 25. dxe6 fxe6 26. Nd3 e5 27. Bc3 Qxf3+ 28.
Kxf3 e4+ 0-1

[Event "Late-Titled-Tuesday-Blitz-August-29-2023"]
[Site "Chess.com"]
[Date "2023.08.29"]
[Round "4"]
[White "ahkashefi2800"]
[Black "DrVelja"]
[Result "1-0"]
[WhiteElo "2581"]
[BlackElo "2851"]
[TimeControl "180+1"]
[EndTime "14:35:39 PDT"]
[Termination "ahkashefi2800 won by resignation"]

1. d4 Nf6 2. Nf3 g6 3. g3 Bg7 4. Bg2 O-O 5. O-O d6 6. b3 b5 7. a4 b4 8. Bb2 Bb7 9. Nbd2 Nbd7 10. h4 c5 11. c3 bxc3 12. Bxc3 cxd4 13. Bxd4 a5 14.
Rb1 Nd5 15. Bxg7 Kxg7 16. Qc2 Nb4 17. Qb2+ Nf6 18. Rbc1 Qb8 19. Ng5 Bxg2 20. Kxg2 Qb7+ 21. Kg1 Kg8 22. Qd4 Nc6 23. Qe3 Rab8 24. Nge4 Nxe4 25.
Qxe4 Rfc8 26. Rc3 e6 27. Rfc1 d5 28. Qf4 h5 29. Rxc6 Rxc6 30. Rxc6 Re8 1-0

[Event "Late-Titled-Tuesday-Blitz-August-29-2023"]
[Site "Chess.com"]
[Date "2023.08.29"]
[Round "4"]
[White "santosalberto1987"]
[Black "Fonsofan"]
[Result "1/2-1/2"]
[WhiteElo "2559"]
[BlackElo "2674"]
[TimeControl "180+1"]
[EndTime "14:35:41 PDT"]
[Termination "Game drawn by repetition"]

1. e4 c5 2. Nf3 Nc6 3. Nc3 e5 4. Bc4 d6 5. d3 Be7 6. Nd2 Bg5 7. Nf1 Bxc1 8. Qxc1 Nf6 9. Ne3 O-O 10. O-O Be6 11. Ncd5 Nd7 12. f4 exf4 13. Nxf4 Bxc4 14. Nxc4 Nde5 15. Nxe5 Nxe5 16. Nd5 Nc6 17. c3 Ne7 18. Qg5 Nxd5 19. Qxd5 Qe7 20. Rf5 Rab8 21. Raf1 Qe6 22. Qxe6 fxe6 23. Rxf8+ Rxf8 24. Rxf8+ Kxf8 25. Kf2 Ke7 26. Ke3 Kf6 27. d4 cxd4+ 28. cxd4 Ke7 29. Kf4 Kf6 30. h4 e5+ 31. dxe5+ dxe5+ 32. Kg4 g6 33. Kf3 Ke6 34. Kg4 Kf6 35. Kf3 h5 36. Ke3 Ke6 37. Kd3 Kd6 38. Kc4 Kc6 39. a4 b6 40.
b4 a6 41. b5+ axb5+ 42. axb5+ Kd6 43. Kb4 Ke6 44. Kc4 Kd6 45. Kb4 Ke6 46. Kc4 Kd6 1/2-1/2

[Event "Late-Titled-Tuesday-Blitz-August-29-2023"]
[Site "Chess.com"]
[Date "2023.08.29"]
[Round "4"]
[White "sorch29"]
[Black "Druid24"]
[Result "0-1"]
[WhiteElo "2412"]
[BlackElo "2659"]
[TimeControl "180+1"]
[EndTime "14:35:44 PDT"]
[Termination "Druid24 won by resignation"]

1. d4 Nf6 2. c4 c5 3. Nf3 cxd4 4. Nxd4 g6 5. Nc3 Bg7 6. e4 O-O 7. Be3 Nc6 8. Be2 Nxd4 9. Bxd4 d6 10. O-O a5 11.
Qc2 e6 12. Rfd1 Bd7 13. c5 d5 14. exd5 exd5 15. Bf3 Bc6 16. Rd3 Re8 17. Rad1 Qe7 18. h3 Rad8 19. Qd2 Ne4 20. Qe3 Bxd4 21. Qxd4 Nxc5 22. Re3 Ne6 23. Qb6 d4 0-1

[Event "Late-Titled-Tuesday-Blitz-August-29-2023"]
[Site "Chess.com"]
[Date "2023.08.29"]
[Round "4"]
[White "Irishchessman16"]
[Black "Lennis93"]
[Result "0-1"]
[WhiteElo "2506"]
[BlackElo "2696"]
[TimeControl "180+1"]
[EndTime "14:35:46 PDT"]
[Termination "Lennis93 won by resignation"]

1. Nf3 d5 2. c4 d4 3. g3 c5 4. Bg2 Nc6 5. O-O e5 6. d3 Bd6 7.
e3 Nge7 8. exd4 cxd4 9. Na3 O-O 10. Re1 f6 11. Nc2 a5 12. Bd2 Bf5 13. Bc1 Nb4 14. Nxb4 axb4 15. Nh4 Bc8 16. Bd2 Nc6 17. Bd5+ Kh8 18. Re4 g5 19. Ng2 Ne7 20. h4 Nxd5 21. cxd5 Bf5 22. h5 Bxe4 23. dxe4 Qd7 24. g4 b3 25. a3 Rfc8 26. Qxb3 Qxg4 27. f3 Qd7 28. Ne1 g4 29. Nd3 gxf3 30. Nf2 Rg8+ 31. Kf1 Rg3 32. Rc1 Rag8 0-1

[Event "Late-Titled-Tuesday-Blitz-August-29-2023"]
[Site "Chess.com"]
[Date "2023.08.29"]
[Round "4"]
[White "Haykoooo0o"]
[Black "IngOscarArdila"]
[Result "1-0"]
[WhiteElo "2469"]
[BlackElo "2305"]
[TimeControl "180+1"]
[EndTime "14:35:49 PDT"]
[Termination "Haykoooo0o won by resignation"]

1. d4 Nf6 2. Nf3 e6 3. e3 Be7 4.
Bd3 O-O 5. Nbd2 b6 6. c3 Bb7 7.
O-O c5 8. Qe2 d6 9. e4 Nbd7 10. e5 dxe5 11. dxe5 Ne8 12. Ne4 Qc7 13. Bf4 g6 14. Rad1 Rd8 15. Qe3 Bxe4 16. Bxe4 Ng7 17. Rd2 Nf5 18. Bxf5 exf5 19. e6 Qc6 20. exd7 Bf6 21.
Bh6 Bg7 22. Bxg7 Kxg7 23. Qe7 Qf6 24. Qxf6+ Kxf6 25. Re1 g5 26. Ne5 f4 27. Nc6 Kf5 28.
Nxd8 Rxd8 29. Re8 1-0

[Event "Late-Titled-Tuesday-Blitz-August-29-2023"]
[Site "Chess.com"]
[Date "2023.08.29"]
[Round "4"]
[White "ilya2700"]
[Black "Fandorine"]
[Result "0-1"]
[WhiteElo "2107"]
[BlackElo "2914"]
[TimeControl "180+1"]
[EndTime "14:35:55 PDT"]
[Termination "Fandorine won by resignation"]

1. d4 Nf6 2. c4 g6 3. Nc3 Bg7 4. e4 d6 5. Nf3 O-O 6. Be2 e5 7.
Be3 Na6 8. O-O Qe7 9. dxe5 dxe5 10. Nd2 c6 11. a3 Nc5 12. b4 Ne6 13. Nb3 Rd8 14. Qc1 Nd4 15. Nd2 a5 16. b5 Ng4 17.
Bxg4 Bxg4 18. bxc6 bxc6 19. f3 Be6 20. Rf2 a4 21.
Rb1 h5 22. Rb4 Bf8 23. Rxa4 Rxa4 24. Nxa4 Qxa3 25. Qxa3 Bxa3 26. Rf1 Nc2 27. Bg5 f6 28. Bxf6 Rxd2 29. Bxe5 Ne3 30. Re1 Rxg2+ 31. Kh1 Nc2 32. Rd1 Rf2 33. Rd8+ Kf7 34. Rh8 Bh3 0-1

[Event "Late-Titled-Tuesday-Blitz-August-29-2023"]
[Site "Chess.com"]
[Date "2023.08.29"]
[Round "4"]
[White "Chemim21"]
[Black "cthake"]
[Result "1/2-1/2"]
[WhiteElo "2298"]
[BlackElo "1869"]
[TimeControl "180+1"]
[EndTime "14:36:00 PDT"]
[Termination "Game drawn by repetition"]

1. e4 c5 2. Nf3 Nc6 3. b3 d6 4.
Bb2 e5 5. Nc3 Nf6 6. Bc4 Be7 7. h3 O-O 8. Nd5 a6 9. Nxf6+ Bxf6 10. a4 Be6 11. Bxe6 fxe6 12. O-O b5 13. axb5 axb5 14. Rxa8 Qxa8 15. Qa1 Nb4 16. Qb1 Qxe4 17. c3 Qxb1 18. Rxb1 Nd3 19. Ne1 Nxe1 20. Rxe1 Ra8 21.
Ra1 Rxa1+ 22. Bxa1 d5 23. Kf1 Kf7 24. Ke2 e4 25. Bb2 Ke7 26. Ba3 Kd6 27. d4 b4 28.
cxb4 Bxd4 29. bxc5+ Bxc5 30. b4 Bb6 31. f3 exf3+ 32. gxf3 Ke5 33. Bb2+ d4 34. Kd3 Kd5 35. f4 h5 36. Ba1 g6 37. Bb2 Ba7 38. Ba1 Bb6 39.
Bb2 Ba7 40. Ba1 Bb6 1/2-1/2

[Event "Late-Titled-Tuesday-Blitz-August-29-2023"]
[Site "Chess.com"]
[Date "2023.08.29"]
[Round "4"]
[White "The_Straightforward_Rook"]
[Black "Good_Knight_Kiss"]
[Result "1-0"]
[WhiteElo "2489"]
[BlackElo "2354"]
[TimeControl "180+1"]
[EndTime "14:36:08 PDT"]
[Termination "The_Straightforward_Rook won on time"]

1. d4 Nf6 2. c4 g6 3. h4 Bg7 4. Nc3 d6 5. e4 O-O 6. h5 c5 7. h6 Bh8 8. d5 e6 9. Bg5 exd5 10. exd5 Re8+ 11. Nge2 Qb6 12. b3 Ne4 13. Nxe4 Rxe4 14. f3 Re8 15. Kf2 Nd7 16. Rc1 Ne5 17. Ng3 a5 18. a4 f5 19. Bd2 Bd7 20. Bc3 Re7 21. Bd3 Nxd3+ 22. Qxd3 Qxb3 23. Ne2 1-0

[Event "Late-Titled-Tuesday-Blitz-August-29-2023"]
[Site "Chess.com"]
[Date "2023.08.29"]
[Round "4"]
[White "Hoshka"]
[Black "Defenstrator"]
[Result "1-0"]
[WhiteElo "2005"]
[BlackElo "2290"]
[TimeControl "180+1"]
[EndTime "14:36:08 PDT"]
[Termination "Hoshka won by checkmate"]

1. d4 f6 2. e4 Kf7 3. Bd3 Nh6 4.
c3 g6 5. h4 Kg7 6. h5 g5 7. Ne2 e5 8. Ng3 d6 9. Nd2 Nc6 10. d5 Ne7 11. Ndf1 Nf7 12. h6+ Nxh6 13. Ne3 Ng6 14. Nh5+ Kf7 15. g3 Bd7 16. Be2 f5 17. exf5 Nxf5 18. Bg4 Nxe3 19. Bxe3 Be7 20. Qf3+ Ke8 21.
Ng7# 1-0

[Event "Late-Titled-Tuesday-Blitz-August-29-2023"]
[Site "Chess.com"]
[Date "2023.08.29"]
[Round "4"]
[White "Aygehovit1992"]
[Black "effefe"]
[Result "1-0"]
[WhiteElo "2723"]
[BlackElo "2422"]
[TimeControl "180+1"]
[EndTime "14:36:13 PDT"]
[Termination "Aygehovit1992 won on time"]

1. e4 c5 2. Nc3 Nc6 3. Bb5 Nd4 4. Nf3 a6 5. Bd3 g6 6. O-O Bg7 7. Re1 d6 8. Nxd4 cxd4 9. Ne2 d5 10. a4 dxe4 11.
Bxe4 e5 12. d3 Ne7 13. f4 O-O 14. fxe5 1-0

[Event "Late-Titled-Tuesday-Blitz-August-29-2023"]
[Site "Chess.com"]
[Date "2023.08.29"]
[Round "4"]
[White "GMBenjaminBok"]
[Black "Korchmar_Vasiliy"]
[Result "1-0"]
[WhiteElo "2918"]
[BlackElo "2686"]
[TimeControl "180+1"]
[EndTime "14:36:16 PDT"]
[Termination "GMBenjaminBok won by checkmate"]

1. d4 d5 2. c4 c6 3. Nf3 Nf6 4. cxd5 cxd5 5. Nc3 Nc6 6. Bf4 Nh5 7. Bd2 g6 8. e3 Bg7 9. Be2 O-O 10. O-O Nf6 11. Rc1 Ne4 12. Be1 Be6 13. Qb3 Na5 14. Qa3 b6 15. Nxe4 dxe4 16. Ne5 Qd6 17. Bb4 Qd5 18. Bxe7 Rfc8 19. b3 Bxe5 20. dxe5 Qxe5 21. h3 Nc6 22. Bd6 Qg5 23. Bf4 Qa5 24. Qb2 Nb4 25. Bh6 Rab8 26. Qg7# 1-0

[Event "Late-Titled-Tuesday-Blitz-August-29-2023"]
[Site "Chess.com"]
[Date "2023.08.29"]
[Round "4"]
[White "Sacbutt"]
[Black "whiteglovethief"]
[Result "0-1"]
[WhiteElo "2233"]
[BlackElo "2447"]
[TimeControl "180+1"]
[EndTime "14:36:18 PDT"]
[Termination "whiteglovethief won by resignation"]

1. d4 d5 2. c4 e6 3. Nc3 h6 4. e4 dxe4 5. Nxe4 Nf6 6. Nxf6+ Qxf6 7. Nf3 Bb4+ 8. Bd2 Bxd2+ 9. Qxd2 O-O 10. Bd3 b6 11.
Be4 c6 12. O-O Bb7 13. Ne5 Rd8 14. Qe3 Qe7 15. Rad1 Qc7 16. Rfe1 Nd7 17. Nxd7 Rxd7 18. Bc2 Rad8 19. Qe4 g6 20. Qh4 Kg7 21. Re3 c5 22.
Rh3 h5 23. Rg3 Rxd4 24. Rxd4 Rxd4 25. Qg5 Qd6 26. h3 h4 27. Rg4 Rxg4 28. Qxg4 Qd2 29.
Be4 Qe1+ 0-1